 Dungeon Crawl Stone Soup version 0.30-b1-2-g02819fbbbe (webtiles) character file.

Game seed: 10426183464969195846

642 Alarkh the Trooper (level 7, -6/58 HPs)
             Began as a Demonspawn Artificer on Nov 22, 2023.
             Was a Believer of Uskayaw.
             Mangled by an ogre
             ... wielding a +0 giant spiked club
              (31 damage)
             ... on level 5 of the Dungeon.
             The game lasted 00:04:38 (3483 turns).

Alarkh the Trooper (Demonspawn Artificer)           Turns: 3483, Time: 00:04:40

Health: -6/58      AC:  3    Str: 12    XL:     7   Next: 26%
Magic:  10/10      EV: 16    Int: 14    God:    Uskayaw [**....]
Gold:   161        SH:  0    Dex: 14    Spells: 6/6 levels left

rFire   + . .        i - +4 short sword (vamp)
rCold   + . .        (no shield)
rNeg    . . .        b - +0 leather armour
rPois   .            (no helmet)
rElec   .            s - scarf {rC+ rF+}
rCorr   .            (no gloves)
SInv    .            (no boots)
Will    .....        (no amulet)
Stlth   +            k - +5 ring of evasion
HPRegen 0.29/turn    (no ring)
MPRegen 0.12/turn

%: no passive effects
@: no status effects
A: demonic magic 1
a: Renounce Religion, Stomp, Line Pass


You were on level 5 of the Dungeon.
You worshipped Uskayaw.
Uskayaw was noncommittal.
You visited 2 branches of the dungeon, and saw 6 of its levels.

You collected 161 gold pieces.

Inventory:

Hand Weapons
 a - a +0 club
 g - a +2 short sword of protection
 i - a +4 vampiric short sword (weapon)
 w - a +0 dagger
Armour
 b - a +0 leather armour (worn)
 s - a scarf of resistance (worn)
Jewellery
 k - a +5 ring of evasion (left hand)
Wands
 c - a wand of flame (3) (quivered)
 d - a wand of charming (15)
 e - a wand of iceblast (4)
 o - a wand of paralysis (3)
 v - a wand of digging (6)
Scrolls
 m - a scroll of amnesia
 p - a scroll of immolation {unknown}
 q - a scroll of teleportation {unknown}
 r - a scroll of identify
 t - a scroll of silence {unknown}
 u - a scroll of poison {unknown}
 x - a scroll of fog {unknown}
 y - a scroll of vulnerability {unknown}
Potions
 f - a potion of mutation
 h - 4 potions of flight {unknown}
 j - a potion of attraction
 l - 3 potions of brilliance {unknown}
 n - a potion of curing


   Skills:
 + Level 6.0 Fighting
 * Level 2.6 Short Blades
 - Level 1.7 Armour
 - Level 0.8 Dodging
 - Level 0.8 Stealth
 + Level 5.1 Invocations
 - Level 3.0 Evocations


You had 6 spell levels left.
You didn't know any spells.
Your spell library contained the following spells:

 Spells                   Type           Power      Damage    Failure   Level
 Summon Small Mammal      Summ           0%         N/A       36%         1
 Call Canine Familiar     Summ           0%         N/A       73%         3
 Summon Guardian Golem    Hex/Summ       0%         N/A       73%         3
 Animate Dead             Necr           0%         N/A       98%         4
 Haunt                    Necr/Summ      0%         N/A       100%        7
 Infestation              Necr           0%         N/A       100%        8


Dungeon Overview and Level Annotations

Branches:
Dungeon (5/15)             Temple (1/1) D:4

Altars:
Ashenzari
Trog
Uskayaw
Wu Jian
Yredelemnul


Innate Abilities, Weirdness & Mutations

Spells you cast may paralyse adjacent enemies.


Message History

You see here a +0 robe.
Found a stone staircase leading up.
There is a stone staircase leading up here.
Done exploring.
Done exploring.
(D) Dungeon (T) Temple
Where to? (Enter - Temple, ? - help)
There is a stone staircase leading down here.
You climb downwards.
There is a stone staircase leading up here.
An ogre is nearby!
An ogre is nearby!
An ogre is nearby!
An ogre is nearby!
The ogre shouts!
The ogre hits you with a +0 giant spiked club!
You hit the ogre.
You feel better.
The ogre is lightly wounded.
You hit the ogre.
You feel better.
The ogre is moderately wounded.
The ogre hits you with a +0 giant spiked club!!
You are too injured to fight recklessly!
Aiming: Throw Flame
Press: ? - help, Shift-Dir - straight line, f - ogre
Aim: an ogre, wielding a +0 giant spiked club (moderately wounded, 86% to hit)
The puff of flame hits the ogre!
The ogre is heavily wounded.
You can now pass through a line of other dancers.
Aiming: Paralyse
Press: ? - help, Shift-Dir - straight line, f/p - ogre
Aim: an ogre, wielding a +0 giant spiked club (heavily wounded, chance to affect: 56%)
The ogre resists with significant effort.
The ogre barely misses you.
Aiming: Paralyse
Press: ? - help, Shift-Dir - straight line, f/p - ogre
Aim: an ogre, wielding a +0 giant spiked club (heavily wounded, chance to affect: 56%)
The ogre resists with significant effort.
The ogre hits you with a +0 giant spiked club!!
Ouch! That really hurt!
You die...

.##....
.......
.......
.......
.......
.......
.......######
......O@<...#
............#
............#
#######.....#
####.## .# .#
.#


You could see an ogre.

Vanquished Creatures
  A black bear (D:3)
  An ogre (D:4)
  2 scorpions (D:4)
  2 hounds (D:4)
  A jelly (D:4)
  2 orc priests (D:4)
  An iguana (D:4)
  Natasha (D:4)
  3 adders (D:2)
  2 ufetubi
  4 dart slugs
  2 worms
  11 orcs (D:4)
  6 ball pythons
  5 bats (D:1)
  8 endoplasms
  3 giant cockroaches
  7 goblins
  4 hobgoblins
  6 jackals
  6 kobolds
  5 quokkas
  4 frilled lizards
  4 rats
91 creatures vanquished.

Notes
Turn   | Place    | Note
-------+----------+-------------------------------------------
     0 | D:1      | Alarkh the Demonspawn Artificer began the quest for the
                  | Orb.
     0 | D:1      | Reached XP level 1. HP: 15/15 MP: 1/1
   141 | D:1      | Reached skill level 2 in Fighting
   204 | D:1      | Gained mutation: Spells you cast may paralyse adjacent
                  | enemies. [demonic ancestry]
   204 | D:1      | Reached XP level 2. HP: 22/22 MP: 2/2
   597 | D:2      | Reached skill level 3 in Fighting
   597 | D:2      | Reached XP level 3. HP: 29/29 MP: 3/3
   942 | D:2      | Reached XP level 4. HP: 35/37 MP: 4/4
   965 | D:2      | Reached skill level 4 in Fighting
  1913 | D:3      | Noticed a black bear
  2098 | D:3      | Found a hide-covered altar of Uskayaw.
  2098 | D:3      | Noticed a +0 short sword
  2099 | D:3      | Noticed a +0 short sword
  2100 | D:3      | Noticed a +0 spear
  2105 | D:3      | Noticed a +0 falchion
  2107 | D:3      | Noticed a +0 spear
  2107 | D:3      | Noticed a +0 falchion
  2107 | D:3      | Noticed a +0 dagger
  2107 | D:3      | Noticed a +0 dagger
  2117 | D:3      | Became a worshipper of Uskayaw the Reveller
  2229 | D:4      | Found a staircase to the Ecumenical Temple.
  2243 | Temple   | Entered the Ecumenical Temple
  2255 | D:4      | Reached * piety under Uskayaw
  2317 | D:4      | Noticed a scorpion
  2321 | D:4      | Reached ** piety under Uskayaw
  2326 | D:4      | Reached *** piety under Uskayaw
  2327 | D:4      | Killed a scorpion
  2328 | D:4      | Reached XP level 5. HP: 10/43 MP: 4/6
  2485 | D:3      | Killed a black bear
  2486 | D:3      | Reached skill level 5 in Fighting
  2536 | D:4      | Reached XP level 6. HP: 51/51 MP: 8/8
  2551 | D:4      | Reached **** piety under Uskayaw
  2763 | D:4      | Noticed Natasha
  2778 | D:4      | Killed Natasha
  2779 | D:4      | Reached skill level 1 in Short Blades
  2989 | D:4      | Reached XP level 7. HP: 41/57 MP: 10/10
  3351 | D:4      | Reached skill level 6 in Fighting
  3351 | D:4      | Reached skill level 5 in Invocations
  3477 | D:5      | Entered Level 5 of the Dungeon
  3483 | D:5      | Mangled by an ogre

Illustrated notes

Levels and vault maps discovered:
D:1:      dpeg_arrival_shelter, layout_basic, chequers_serial_rivers_micro_c,
          nicolae_figureground_sparkle
D:2:      layout_loops_corners, hex_large, columned_hall_lemuel
D:3:      layout_loops_ring, nicolae_uskayaw_en_pointe
D:4:      minmay_octagon_keep, layout_loops_ring, minmay_temple_entry_ruins,
          minivault_23, uniq_natasha
D:5:      layout_basic, nicolae_qazlal_general_emergency, kennysheep_mini,
          nicolae_gozag_seed_capital, roderic_roman_lattice,
          minmay_misc_feat_nine_boxes, solitary_fountain, nrook_campfire,
          small_statue_intersection, chequers_garden
Temple:   hellmonk_temple_micro_hex

Skill      XL: |  1  2  3  4  5  6  7 |
---------------+----------------------+-----
Fighting       | 2 3 4 5 6 |  6.0
Invocations    | 2 3 4 5 |  5.1
Short Blades   | 2 |  2.6
Armour         | |  1.7
Dodging        | |  0.8
Stealth        | |  0.8
Evocations     | |  3.0

Action                     |  1- 3 |  4- 6 |  7- 9 || total
---------------------------+-------+-------+-------++-------
  Melee: Club              |    15 |       |       ||    15
         Short sword       |   111 |   160 |    43 ||   314
         Punch             |     2 |     1 |       ||     3
  Evoke: Wand              |     3 |     8 |     4 ||    15
    Use: Scroll            |       |     6 |       ||     6
   Stab: Paralysed         |       |     7 |       ||     7
         Sleeping          |       |     1 |       ||     1
 Armour: Leather armour    |    34 |    14 |     4 ||    52
  Dodge: Dodged            |   105 |    96 |    33 ||   234
